 Dungeon Crawl Stone Soup version 0.19-a0-1008-g4c63d25 (webtiles) character file.

1705 epen the Transmogrifier (level 9, 0/66 HPs)
             Began as a Merfolk Transmuter on July 23, 2016.
             Was a Follower of Uskayaw.
             Slain by a troll (6 damage)
             ... on level 7 of the Dungeon.
             The game lasted 00:09:29 (6865 turns).

epen the Transmogrifier (Merfolk Transmuter)        Turns: 6865, Time: 00:09:31

Health: 0/66       AC:  4    Str: 10    XL:     9   Next: 3%
Magic:  12/17      EV: 16    Int: 15    God:    Uskayaw [*.....]
Gold:   146        SH:  0    Dex: 15    Spells: 5 memorised, 4 levels left

rFire  . . .     SeeInvis .       - Unarmed
rCold  + . .     Gourm    .     b - +0 robe
rNeg   . . .     Faith    .     (shield currently unavailable)
rPois  .         Spirit   .     (no helmet)
rElec  .         Dismiss  .     l - +0 cloak
rCorr  .         Reflect  .     (gloves currently unavailable)
SustAt .         Harm     .     x - +0 pair of boots
MR     .....                    (no amulet)
Stlth  +.........               J - ring of protection from cold
                                E - ring of wizardry

@: blade hands, not resistant to hostile enchantments, very unstealthy
A: change form in water, swift swim
a: End Transformation, Stomp, Renounce Religion


You were on level 7 of the Dungeon.
You worshipped Uskayaw.
Uskayaw was noncommittal.
You were not hungry.
You had blades for hands.
You visited 2 branches of the dungeon, and saw 8 of its levels.

You collected 272 gold pieces.
You spent 126 gold pieces at shops.

Inventory:

Missiles
 a - 105 arrows
Armour
 b - a +0 robe (worn)
 k - a +0 pair of gloves (melded)
 l - a +0 cloak (worn)
 x - a +0 pair of boots (worn)
Jewellery
 t - an uncursed amulet of guardian spirit
 E - a ring of wizardry (left scythe-like blade)
 I - an uncursed ring of stealth
 J - a ring of protection from cold (right scythe-like blade)
 M - an uncursed ring of fire
Wands
 m - a wand of lightning (2/15)
 y - a wand of lightning (9/15)
 C - a wand of lightning (10/15)
Scrolls
 e - a scroll of noise {unknown}
 g - a scroll of fog {unknown}
 i - 4 scrolls of identify {unknown}
 o - 10 scrolls of remove curse {unknown}
 p - 2 scrolls of fear {unknown}
 w - a scroll of amnesia {unknown}
 z - a scroll of blinking
 A - 2 scrolls of teleportation
 D - a scroll of immolation {unknown}
 G - a scroll of random uselessness {unknown}
Potions
 f - 2 potions of ambrosia {unknown}
 h - 3 potions of agility {unknown}
 j - 2 potions of curing {unknown}
 n - 2 potions of might {unknown}
 q - a potion of brilliance {unknown}
 s - 2 potions of resistance {unknown}
 u - 2 potions of flight {unknown}
 v - 2 potions of lignification {unknown}
 K - a potion of cancellation {unknown}
Books
 c - a book of Changes

   Spells                             Type                      Level
   a - Beastly Appendage              Transmutation                1
   b - Sticks to Snakes               Transmutation                2
   c - Spider Form                    Transmutation/Poison         3
   d - Ice Form                       Ice/Transmutation            4
   e - Blade Hands                    Transmutation                5
 H - a book of Callings

   Spells                             Type                      Level
   a - Summon Small Mammal            Summoning                    1
   b - Call Imp                       Summoning                    2
   c - Call Canine Familiar           Summoning                    3
   d - Summon Guardian Golem          Hexes/Summoning              3
   e - Summon Lightning Spire         Summoning/Air                4
   f - Summon Ice Beast               Ice/Summoning                4
Comestibles
 d - 6 bread rations
 r - 4 meat rations
 B - 2 fruits
 F - 2 beef jerkies


   Skills:
 + Level 4.6 Fighting
 + Level 6.2 Dodging
 + Level 5.5 Unarmed Combat
 * Level 5.8 Spellcasting
 * Level 8.1 Transmutations


You had 4 spell levels left.
You knew the following spells:

 Your Spells              Type           Power        Failure   Level  Hunger
a - Beastly Appendage     Tmut           ####..       4%          1    None
b - Sticks to Snakes      Tmut           ####....     6%          2    #......
c - Spider Form           Tmut/Pois      ###.......   21%         3    ###....
d - Blade Hands           Tmut           ####......   28%         5    ######.
e - Ice Form              Ice/Tmut       ###.....     38%         4    ####...


Dungeon Overview and Level Annotations

Branches:
Dungeon (7/15)             Temple (1/1) D:5

Altars:
Ashenzari
Cheibriados
Dithmenos
Elyvilon
Fedhas
Gozag
Hepliaklqana
Kikubaaqudgha
Makhleb
Nemelex Xobeh
Okawaru
Pakellas
Qazlal
Ru
Sif Muna
Trog
Uskayaw
Vehumet
Xom
Yredelemnul
Zin
The Shining One

Shops:
D:6 ?

Annotations:
D:7 epen's ghost, novice MfTm


Message History

You start resting.
All of the chunks of flesh in your inventory have rotted away.
You see here a whip.
The troll shouts!
Casting: Blade Hands
Confirm with . or Enter, or press ? or * to list all spells.
Your hands turn into razor-sharp scythe blades.
Your +0 pair of gloves melds into your body.
The troll closely misses you. The troll claws you. The troll claws you!
Unknown command.
You barely miss the troll. The troll barely misses you. The troll claws you!
The troll closely misses you.
You slash the troll!
The troll is lightly wounded.
The troll bites you!
* * * LOW HITPOINT WARNING * * *
The troll claws you.
* * * LOW HITPOINT WARNING * * *
The troll claws you.
You die...

####..#.##.# #..
# #..#.##.# #.# #
#.......####.####
#
##.###..........#
.
#.####.####.##.#
.# . #......#
#.##>##.#
########
#.......##
##.......#
##@#.###.#
#..T.## #.#...#
#...#.# #
##.##.##.#
#.).....#
####.#### #.#
######T#


You could see a troll.

Vanquished Creatures
  A manticore (D:7)
  An orc warrior (D:6)
  2 ogres
  A centaur (D:5)
  Blork the orc (D:6)
  A wyvern zombie (D:7)
  4 crimson imps (D:6)
  A giant frog zombie (D:6)
  4 hounds
  4 orc priests
  A giant frog skeleton (D:6)
  A jelly (D:7)
  4 orc wizards
  An iguana (D:6)
  3 worker ants
  A hound skeleton (D:4)
  3 gnolls
  3 adders
  A shadow imp (D:4)
  An ooze (D:4)
  2 adder skeletons (D:5)
  2 worms (D:3)
  A dart slug (D:1)
  4 giant geckos
  22 orcs
  5 giant cockroaches
  5 goblins (D:1)
  4 hobgoblins
  3 jackals
  9 kobolds
  6 quokkas
  4 bats
  6 giant newts
  7 rats
119 creatures vanquished.

Vanquished Creatures (collateral kills)
  An adder (D:3)
  A goblin (D:3)
2 creatures vanquished.

Grand Total: 121 creatures vanquished

Notes
Turn   | Place    | Note
-------+----------+-------------------------------------------
     0 | D:1      | epen the Merfolk Transmuter began the quest for the Orb.
     0 | D:1      | Reached XP level 1. HP: 15/15 MP: 3/3
   145 | D:1      | Reached skill level 3 in Transmutations
   145 | D:1      | Reached XP level 2. HP: 18/21 MP: 5/5
   308 | D:1      | Learned a level 2 spell: Sticks to Snakes
   779 | D:1      | Reached XP level 3. HP: 14/26 MP: 6/6
  1326 | D:1      | Learned a level 3 spell: Spider Form
  1913 | D:2      | Reached XP level 4. HP: 9/32 MP: 0/8
  2650 | D:3      | Reached XP level 5. HP: 37/38 MP: 6/9
  2904 | D:3      | Reached skill level 4 in Transmutations
  3334 | D:4      | Reached XP level 6. HP: 39/46 MP: 8/11
  3589 | D:4      | Reached skill level 5 in Transmutations
  3867 | D:4      | Reached XP level 7. HP: 47/51 MP: 12/12
  3874 | D:4      | Found a basalt altar of Yredelemnul.
  4032 | D:5      | Entered Level 5 of the Dungeon
  4794 | D:5      | Got a bloodstained dagger
  4795 | D:5      | Identified the +3 dagger of the Salmon {drain, Int+3 Dex+4 SInv} (You found it on level 5 of the Dungeon)
  4898 | D:5      | Found a staircase to the Ecumenical Temple.
  4905 | Temple   | Entered the Ecumenical Temple
  5009 | Temple   | Became a worshipper of Uskayaw the Reveler
  5234 | D:6      | Found Wolivee's Magic Scroll Shoppe.
  5241 | D:6      | Bought a scroll of blinking for 90 gold pieces
  5241 | D:6      | Bought a scroll of teleportation for 36 gold pieces
  5260 | D:6      | Reached * piety under Uskayaw
  5266 | D:6      | Reached ** piety under Uskayaw
  5270 | D:6      | Reached skill level 5 in Dodging
  5270 | D:6      | Reached *** piety under Uskayaw
  5271 | D:6      | Reached skill level 6 in Transmutations
  5272 | D:6      | Reached **** piety under Uskayaw
  5497 | D:6      | Learned a level 5 spell: Blade Hands
  5590 | D:6      | Noticed Blork the orc
  5590 | D:6      | Reached XP level 8. HP: 40/59 MP: 11/15
  5613 | D:6      | Killed Blork the orc
  5859 | D:6      | Reached skill level 5 in Unarmed Combat
  5859 | D:6      | Reached skill level 5 in Spellcasting
  6102 | D:6      | Reached skill level 7 in Transmutations
  6129 | D:6      | Learned a level 4 spell: Ice Form
  6615 | D:7      | Noticed epen's ghost (novice MfTm)
  6746 | D:7      | Noticed a manticore
  6759 | D:7      | Killed a manticore
  6759 | D:7      | Reached skill level 8 in Transmutations
  6759 | D:7      | Reached XP level 9. HP: 23/66 MP: 11/17
  6818 | D:7      | Noticed a troll
  6865 | D:7      | Slain by a troll

Vault maps used:
D:1:      roderic_dead_forest, solitary_fountain, minmay_misc_feat_cross,
          minmay_misc_feat_room
D:3:      first_bread
D:4:      lemuel_coloured_pillars_altar
D:6:      serial_shops, nicolae_shop_crystal, grunt_ministairs_13,
          uniq_blork_the_orc
D:7:      serial_shops, kennysheep_little_box, kennysheep_donut
Temple:   kilobyte_greek_temple

Skill      XL: |  1  2  3  4  5  6  7  8 |
---------------+-------------------------+-----
Transmutations | 3 4 5 6 8 |  8.1
Dodging        | 3 4 5 6 |  6.2
Fighting       | 2 3 4 |  4.6
Spellcasting   | 3 4 5 |  5.8
Unarmed Combat | 4 5 |  5.5

Action                   |  1- 3 |  4- 6 |  7- 9 || total
-------------------------+-------+-------+-------++-------
Melee: Unarmed           |   105 |   170 |   248 ||   523
       Punch             |     1 |     2 |     5 ||     8
 Cast: Spider Form       |     2 |     5 |    10 ||    17
       Sticks to Snakes  |     1 |     1 |       ||     2
       Blade Hands       |       |       |     4 ||     4
  Use: Scroll            |       |       |     1 ||     1
 Stab: Sleeping          |     2 |     1 |     3 ||     6
       Paralysed         |       |       |     4 ||     4
  Eat: Chunk             |     3 |     8 |    10 ||    21
       Pizza             |       |       |     1 ||     1
Armor: Robe              |    23 |    24 |    39 ||    86
       Skin              |       |     3 |     2 ||     5
Dodge: Dodged            |    70 |   116 |   199 ||   385
